 Dungeon Crawl Stone Soup version 0.19.0 (webtiles) character file.

6190 Krathar the Destroyer (level 10, -2/69 HPs)
             Began as a Pale Draconian Conjurer on Nov 21, 2016.
             Was a Priest of Vehumet.
             Slain by an eight-headed hydra (15 damage)
             ... on level 9 of the Dungeon.
             The game lasted 00:50:42 (10048 turns).

Krathar the Destroyer (Pale Draconian Conjurer)    Turns: 10048, Time: 00:50:42

Health: -2/69      AC: 13    Str: 11    XL:     10   Next: 60%
Magic:  11/20      EV: 12    Int: 19    God:    Vehumet [***...]
Gold:   369        SH:  4    Dex: 11    Spells: 3 memorised, 15 levels left

rFire  . . .     SeeInvis .     D - +4 spear
rCold  + . .     Gourm    .     (armour unavailable)
rNeg   . . .     Faith    .     y - +0 buckler
rPois  .         Spirit   .     (helmet restricted)
rElec  .         Reflect  .     h - +2 cloak
rCorr  .         Harm     +     r - +0 pair of gloves
MR     .....                    l - +1 pair of boots
Stlth  +++.......               t - amulet of harm
                                z - +5 ring of slaying
                                G - ring of stealth

@: no status effects
A: breathe steam, unfitting armour, claws 1, horns 1, cold resistance 1,
regeneration 1, wild magic 1, cold-blooded, AC +7
a: Breathe Steam, Renounce Religion


You were on level 9 of the Dungeon.
You worshipped Vehumet.
Vehumet was most pleased with you.
You were hungry.

You visited 1 branch of the dungeon, and saw 9 of its levels.
You also visited: Sewer.

You collected 411 gold pieces.
You spent 42 gold pieces at shops.

Inventory:

Hand Weapons
 s - a +1 falchion of holy wrath
 D - a +4 spear (weapon)
 M - a +2 scythe of slicing
 O - a +3 spear
Armour
 h - a +2 cloak (worn)
 l - a +1 pair of boots (worn)
 r - a +0 pair of gloves (worn)
 y - a +0 buckler (worn)
 K - a +0 shield
Jewellery
 e - an uncursed ring of stealth
 t - an amulet of harm (around neck)
 z - a +5 ring of slaying (right hand)
 C - a +4 ring of strength
 G - a ring of stealth (left hand)
 P - an uncursed ring of loudness
 Q - an uncursed amulet of faith
Wands
 H - a wand of hasting (5/9)
 R - a wand of slowing (29/48)
 T - a wand of disintegration (6/24)
Scrolls
 n - 4 scrolls of teleportation
 v - 2 scrolls of identify
 w - 3 scrolls of recharging
 J - a scroll of fog
 L - a scroll of amnesia
 N - a scroll of enchant weapon
Potions
 c - 3 potions of agility {unknown}
 d - a potion of lignification {unknown}
 f - 3 potions of mutation {unknown}
 i - a potion of brilliance {unknown}
 k - 3 potions of might {unknown}
 p - 3 potions of cancellation {unknown}
 q - 5 potions of curing
 u - a potion of berserk rage {unknown}
 B - 3 potions of invisibility {unknown}
 E - a potion of degeneration {unknown}
 I - 2 potions of heal wounds {unknown}
Books
 a - a book of Conjurations

   Spells                             Type                      Level
   a - Magic Dart                     Conjuration                  1
   b - Searing Ray                    Conjuration                  2
   c - Dazzling Spray                 Conjuration/Hexes            3
   d - Fulminant Prism                Conjuration/Hexes            4
   e - Iskenderun's Mystic Blast      Conjuration                  4
   f - Iskenderun's Battlesphere      Conjuration/Charms           5
 m - a book of Misfortune

   Spells                             Type                      Level
   a - Confusing Touch                Hexes                        1
   b - Confuse                        Hexes                        3
   c - Gell's Gravitas                Hexes/Translocation          3
   d - Petrify                        Transmutation/Earth          4
   e - Metabolic Englaciation         Hexes/Ice                    5
   f - Yara's Violent Unravelling     Hexes/Transmutation          5
 S - a book of Cantrips

   Spells                             Type                      Level
   a - Confusing Touch                Hexes                        1
   b - Animate Skeleton               Necromancy                   1
   c - Summon Small Mammal            Summoning                    1
   d - Apportation                    Translocation                1
Comestibles
 b - 8 bread rations
 g - 8 meat rations
 j - 2 chunks of flesh
 o - 8 slices of pizza
 x - 2 royal jellies
 F - 4 beef jerkies


   Skills:
 - Level 1.0 Polearms
 + Level 2.1 Dodging
 - Level 1.7 Stealth
 - Level 3.0 Shields
 - Level 7.0 Spellcasting
 - Level 10.4 Conjurations
 - Level 9.1 Charms


You had 15 spell levels left.
You knew the following spells:

 Your Spells              Type           Power        Failure   Level  Hunger
a - Magic Dart            Conj           ####         1%          1    None
s - Iskenderun's Battles  Conj/Chrm      ######..     2%          5    #####..
x - Searing Ray           Conj           ######       1%          2    None


Dungeon Overview and Level Annotations

Branches:
Dungeon (9/15)             Temple (0/1) D:5
   Lair: D:8-11         Orc: D:9-12

Altars:
Gozag
Hepliaklqana
Makhleb
Nemelex Xobeh
Okawaru
Uskayaw
Vehumet
Zin

Shops:
D:6 [}(   D:9 =!


Innate Abilities, Weirdness & Mutations

You can breathe blasts of scalding, opaque steam.
Your pale cyan-grey scales are hard. (AC +7)
You cannot fit into any form of body armour.
You are cold-blooded and may be slowed by cold attacks.
You have sharp fingernails.
You have a pair of small horns on your head.
Your flesh is cold resistant. (rC+)
Your natural rate of healing is unusually fast.
Your spells are a little harder to cast, but a little more powerful.


Message History

The searing ray hits the eight-headed hydra.
The eight-headed hydra is heavily wounded.
Your battlesphere fires!
The barrage of energy hits the eight-headed hydra.
The eight-headed hydra is severely wounded.
The eight-headed hydra completely misses you.
The eight-headed hydra bites you but does no damage.
You block the eight-headed hydra's attack. x2
The eight-headed hydra bites you! x2
The eight-headed hydra completely misses you.
The eight-headed hydra bites you but does no damage.
The searing ray hits the eight-headed hydra.
The eight-headed hydra is severely wounded.
Your battlesphere fires!
The barrage of energy hits the eight-headed hydra.
The eight-headed hydra is almost dead.
The eight-headed hydra bites you. x3; The eight-headed hydra bites you!
* * * LOW HITPOINT WARNING * * *
The eight-headed hydra bites you!
You die...

#.....#
#.#.### #.#.#
#.#.# #.#.#
#.#.# # #.#.#
#...##.#.##
#......D@..#
...........#
.......#*..#
.....$...#.#
#.....#.##.#
### ##...##.
.#
..########...
#. #
..<........#
.. #.########


You could see an eight-headed hydra and a friendly battlesphere.

Vanquished Creatures
  Pikel (D:6)
  Maurice (D:8)
  Psyche (D:9)
  Joseph (D:8)
  A hornet (D:8)
  A hippogriff (D:8)
  Sigmund (D:6)
  A yak (D:7)
  A human (D:7)
  3 hogs (D:7)
  A hungry ghost (D:7)
  2 water moccasins (D:7)
  Duvessa (D:6)
  2 orc warriors
  2 sky beasts
  2 phantoms (D:6)
  3 ogres
  4 centaurs
  A crocodile (Sewer)
  A big kobold (D:7)
  3 bullfrogs
  Dowan (D:6)
  4 scorpions
  A wyvern skeleton (D:9)
  8 wights
  3 crimson imps
  2 hounds
  A jelly (D:6)
  5 orc wizards
  3 orc priests (D:7)
  Crazy Yiuf (D:3)
  10 worker ants
  2 hound skeletons
  A howler monkey zombie (D:7)
  10 gnolls
  7 river rats (D:7)
  12 adders
  A shadow imp (D:7)
  An ooze (D:4)
  An adder zombie (D:6)
  2 worms
  3 dart slugs
  3 leopard geckos
  20 orcs
  7 bats
  4 giant cockroaches
  4 goblins
  2 hobgoblins
  14 jackals
  A quokka (D:4)
  2 frilled lizards
  A jackal zombie (D:4)
  12 kobolds
  A leopard gecko skeleton (D:4)
  A quokka zombie (D:4)
  20 rats
205 creatures vanquished.

Vanquished Creatures (others)
  A sky beast (D:6)
  2 slaves (D:6)
  A worker ant (D:6)
  An adder skeleton (D:6)
  A leopard gecko (D:6)
  An orc (D:6)
7 creatures vanquished.

Grand Total: 212 creatures vanquished

Notes
Turn   | Place    | Note
-------+----------+-------------------------------------------
     0 | D:1      | Krathar the Draconian Conjurer began the quest for the Orb.
     0 | D:1      | Reached XP level 1. HP: 14/14 MP: 3/3
   107 | D:1      | Reached XP level 2. HP: 19/20 MP: 0/5
   692 | D:1      | Reached XP level 3. HP: 17/26 MP: 7/7
   805 | D:1      | Learned a level 2 spell: Searing Ray
  1286 | D:2      | Found an iron altar of Okawaru.
  2018 | D:3      | Reached XP level 4. HP: 27/33 MP: 9/9
  2053 | D:3      | Reached skill level 1 in Polearms
  2395 | D:3      | Found a runed door.
  2399 | D:3      | Noticed Crazy Yiuf
  2406 | D:3      | Killed Crazy Yiuf
  2406 | D:3      | Reached skill level 1 in Shields
  2720 | D:4      | Reached XP level 5. HP: 33/38 MP: 2/11
  2993 | D:4      | Found an opulent altar of Gozag.
  3047 | D:4      | Found a glowing silver altar of Zin.
  3049 | D:4      | Found a radiant altar of Vehumet.
  3056 | D:4      | Became a worshipper of Vehumet
  3085 | D:4      | Found a glowing drain.
  3178 | Sewer    | Entered a sewer
  3318 | Sewer    | Noticed a crocodile
  3348 | Sewer    | Killed a crocodile
  3578 | D:4      | Reached XP level 6. HP: 42/45 MP: 0/12
  3621 | D:4      | Reached skill level 5 in Conjurations
  3861 | D:5      | Entered Level 5 of the Dungeon
  3861 | D:5      | Found a staircase to the Ecumenical Temple.
  4140 | D:5      | Found a sparkling altar of Nemelex Xobeh.
  4360 | D:5      | Reached skill level 6 in Conjurations
  4586 | D:5      | Learned a level 5 spell: Iskenderun's Battlesphere
  4765 | D:5      | Your scales start taking on a pale cyan-grey colour.
  4765 | D:5      | Reached XP level 7. HP: 50/50 MP: 10/13
  5325 | D:5      | Reached skill level 7 in Conjurations
  5553 | D:6      | Found Iwuczi's Antique Weapon Shoppe.
  5576 | D:6      | Reached skill level 8 in Conjurations
  5701 | D:6      | Noticed Dowan
  5709 | D:6      | Noticed Duvessa
  5714 | D:6      | Killed Dowan
  5714 | D:6      | Reached XP level 8. HP: 45/57 MP: 1/14
  5816 | D:6      | Noticed Sigmund
  5822 | D:6      | Noticed Pikel
  5826 | D:6      | Killed Sigmund
  5826 | D:6      | Reached skill level 9 in Conjurations
  5845 | D:6      | Killed Pikel
  5845 | D:6      | Reached skill level 10 in Conjurations
  6272 | D:6      | Gained mutation: Your flesh is cold resistant. (rC+) [mutagenic meat]
  6273 | D:6      | Gained mutation: You have sharp fingernails. [mutagenic meat]
  6275 | D:6      | Gained mutation: You have a pair of small horns on your head. [mutagenic meat]
  6276 | D:6      | Gained mutation: Your natural rate of healing is unusually fast. [mutagenic meat]
  6277 | D:6      | Gained mutation: Your spells are a little harder to cast, but a little more powerful. [mutagenic meat]
  6337 | D:6      | Reached skill level 1 in Charms
  6422 | D:6      | Reached * piety under Vehumet
  6422 | D:6      | Offered knowledge of Shock by Vehumet.
  6474 | D:6      | Found a hide-covered altar of Uskayaw.
  6743 | D:6      | Killed Duvessa
  6772 | D:6      | Reached XP level 9. HP: 62/62 MP: 5/15
  6788 | D:6      | Found Woasmauw's Gadget Shoppe.
  7015 | D:6      | Found Ishaug's Antique Armour Emporium.
  7399 | D:6      | Reached skill level 5 in Charms
  8059 | D:7      | Reached ** piety under Vehumet
  8059 | D:7      | Offered knowledge of Sting by Vehumet.
  8460 | D:7      | Reached skill level 5 in Spellcasting
  8460 | D:7      | Reached XP level 10. HP: 58/69 MP: 7/17
  8730 | D:7      | Offered knowledge of Throw Frost by Vehumet.
  9038 | D:8      | Found a hazy altar of Hepliaklqana.
  9171 | D:8      | Noticed Joseph
  9176 | D:8      | Killed Joseph
  9313 | D:8      | Found a burning altar of Makhleb.
  9313 | D:8      | Noticed a cacodemon
  9370 | D:8      | Reached *** piety under Vehumet
  9374 | D:8      | Noticed Maurice
  9444 | D:8      | Killed Maurice
  9826 | D:9      | Noticed Psyche
  9831 | D:9      | Killed Psyche
  9947 | D:9      | Found Maxkagych's Jewellery Emporium.
  9973 | D:9      | Found Vimibut's Distillery.
  9978 | D:9      | Bought a potion of curing for 42 gold pieces
 10043 | D:9      | Noticed an eight-headed hydra
 10048 | D:9      | Slain by an eight-headed hydra

Skill      XL: |  1  2  3  4  5  6  7  8  9 10 |
---------------+-------------------------------+-----
Spellcasting   | 3 4 5 7 |  7.0
Polearms       | 1 |  1.0
Shields        | 2 3 |  3.0
Conjurations   | 6 8 10 | 10.4
Charms         | 3 8 9 |  9.1
Dodging        | 2 |  2.1
Stealth        | |  1.7

Action                   |  1- 3 |  4- 6 |  7- 9 | 10-12 || total
-------------------------+-------+-------+-------+-------++-------
Melee: Spear             |    77 |    29 |    24 |    21 ||   151
       Tailslap          |     6 |     2 |       |     1 ||     9
       Headbutt          |       |       |     1 |     3 ||     4
 Cast: Magic Dart        |    47 |    63 |   107 |    31 ||   248
       Searing Ray       |     1 |    16 |    59 |    23 ||    99
       Iskenderun's Batt |       |       |       |     2 ||     2
 Abil: Breathe Steam     |       |       |       |     1 ||     1
  Use: Scroll            |       |     6 |     2 |     4 ||    12
 Stab: Sleeping          |     5 |       |     1 |       ||     6
  Eat: Chunk             |     3 |    10 |    18 |     5 ||    36
Armor: Skin              |    29 |     8 |    21 |     8 ||    66
Dodge: Dodged            |    57 |    27 |    29 |    15 ||   128
Block: Buckler           |       |     5 |     7 |     6 ||    18
